 Dungeon Crawl Stone Soup version 0.18-a0-1390-gc02854d (webtiles) character file.

7191 Duffy the Cleaver (level 10, -10/88 HPs)
             Began as a Centaur Gladiator on Feb 22, 2016.
             Was an Elder of Cheibriados.
             Mangled by a troll (13 damage)
             ... on level 10 of the Dungeon.
             The game lasted 00:15:12 (10820 turns).

Duffy the Cleaver (Centaur Gladiator)              Turns: 10820, Time: 00:15:12

Health: -10/88     AC: 17    Str: 28    XL:     10   Next: 87%
Magic:  10/10      EV: 13    Int: 17    God:    Cheibriados [****..]
Gold:   495        SH:  0    Dex: 26    Spells: 0 memorised, 9 levels left

rFire  . . .     SeeInvis .     n - +1 battleaxe (protect)
rCold  . . .     Gourm    .     v - +0 scale mail
rNeg   . . .     Faith    .     (shield currently unavailable)
rPois  .         Spirit   .     G - +2 helmet
rElec  .         Dismiss  .     Q - +2 cloak {MR+}
rCorr  +         Reflect  .     (no gloves)
SustAt .         Harm     .     (no barding)
MR     +....                    e - amulet of magic regeneration
Stlth  ..........               D - ring of resist corrosion
                                k - +3 ring of dexterity

@: very slow, somewhat resistant to hostile enchantments, extremely unstealthy
A: hooves 3, deformed body, speed 2, tough skin 3
a: Bend Time, Temporal Distortion, Slouch, Renounce Religion


You were on level 10 of the Dungeon.
You worshipped Cheibriados.
Cheibriados was greatly pleased with you.
You were not hungry.

You visited 2 branches of the dungeon, and saw 11 of its levels.

You collected 495 gold pieces.


Innate Abilities, Weirdness & Mutations

You have hooves in place of feet.
Armour fits poorly on your strangely shaped body.
You cover ground very quickly.
You have extremely tough skin (AC +3).


   Skills:
 - Level 8.0 Fighting
 + Level 12.4 Axes
 - Level 2.1 Throwing
 + Level 5.1 Dodging


You had 9 spell levels left.
You didn't know any spells.

Inventory:

Hand Weapons
 a - a +0 war axe
 g - the +3 lajatang "Dyeschoi" {drain, MR++ MP-9 Int+4} A truly terrible weapon, it drains the life of those it strikes. It affects your intelligence (+4). It affects your resistance to hostile enchantments. It affects your magic capacity (-9).
 n - a +1 battleaxe of protection (weapon)
 s - a +0 blowgun
 O - a +3 falchion of flaming
Missiles
 d - 2 throwing nets (quivered)
 C - 6 poisoned tomahawks
 H - 13 tomahawks
Armour
 p - a +0 leather armour of poison resistance
 v - a +0 scale mail (worn)
 G - a +2 helmet (worn)
 Q - a +2 cloak of magic resistance (worn)
 R - a steam dragon hide
Jewellery
 e - an amulet of magic regeneration (around neck)
 k - a +3 ring of dexterity (left hand)
 u - an uncursed ring of positive energy
 D - a ring of resist corrosion (right hand)
 E - an uncursed ring of sustain attributes
 I - an uncursed ring of fire
Wands
 c - a wand of confusion (0/48)
 h - a wand of acid (12/15)
 J - a wand of acid (6/15)
 L - a wand of slowing (19/48)
Scrolls
 m - 7 scrolls of magic mapping
 o - 7 scrolls of remove curse
 w - 3 scrolls of teleportation
 A - a scroll of immolation
 F - 2 scrolls of blinking
Potions
 b - a potion of flight
 i - 2 potions of agility
 r - 3 potions of curing
 B - a potion of resistance
 P - a potion of lignification {unknown}
 V - a potion of heal wounds
Books
 q - a book of Spatial Translocations
 K - a book of Minor Magic
 S - a book of Fire
Comestibles
 f - 8 bread rations
 t - 6 meat rations
 x - 3 royal jellies
 z - 22 fruits
 T - 7 slices of pizza

Dungeon Overview and Level Annotations

Branches:
Dungeon (10/15)            Temple (1/1) D:4             Orc (0/2) D:9
   Lair: D:8-11

Altars:
Ashenzari
Cheibriados
Dithmenos
Elyvilon
Fedhas
Gozag
Kikubaaqudgha
Makhleb
Nemelex Xobeh
Okawaru
Pakellas
Qazlal
Ru
Sif Muna
Trog
Vehumet
Xom
Yredelemnul
Zin
The Shining One

Shops:
D:6 :   D:9 }

Annotations:
D:7 dvd's ghost, novice KoHu
D:9 exclusion: electric eel


Message History

You are too injured to fight recklessly!
You are too injured to fight recklessly!
You are too injured to fight recklessly!
You are too injured to fight recklessly!
You are too injured to fight recklessly!
You are too injured to fight recklessly!
You are too injured to fight recklessly!
You are too injured to fight recklessly!
You are too injured to fight recklessly!
You are too injured to fight recklessly!
You are too injured to fight recklessly!
You are too injured to fight recklessly!
You are too injured to fight recklessly!
You are too injured to fight recklessly!
You are too injured to fight recklessly!
You hit the troll. You kick the troll.
The troll is severely wounded.
The orc closely misses you. The troll misses you.
The troll claws you but does no damage. The troll claws you.
You hit the troll. You kick the troll, but do no damage.
The troll is severely wounded.
The orc hits you but does no damage. The troll bites you!
The troll claws you but does no damage. x2
You closely miss the troll. You kick the troll, but do no damage.
The troll is severely wounded.
The orc hits you but does no damage. The troll bites you!
The troll completely misses you. The troll claws you.
You barely miss the troll. You kick the troll.
The troll is severely wounded.
The orc barely misses you. The troll bites you!
The troll claws you but does no damage. The troll closely misses you.
You closely miss the troll. You kick the troll, but do no damage.
The troll is severely wounded.
The troll bites you!
You die...

##+#####
#......#
+....o.#
#.....(+
#..)@.<#
#..)T..#
#......#
#......#
#.(.>..#
###+####


You could see a troll and an orc.

Action                   |  1- 3 |  4- 6 |  7- 9 | 10-12 || total
-------------------------+-------+-------+-------+-------++-------
Melee: War axe           |   106 |   137 |   246 |       ||   489
       Battleaxe         |       |       |   157 |   124 ||   281
       Falchion          |       |       |       |     4 ||     4
Throw: Tomahawk          |       |     8 |    26 |       ||    34
       Throwing net      |       |     1 |    11 |       ||    12
  Use: Scroll            |       |       |    14 |     6 ||    20
       Potion            |       |       |     5 |     2 ||     7
 Stab: Held in net/web   |       |       |     3 |       ||     3
       Invisible         |       |       |     1 |       ||     1
  Eat: Chunk             |     1 |     4 |    11 |     3 ||    19
       Beef jerky        |       |       |     1 |       ||     1
       Pizza             |       |       |     1 |       ||     1

Notes
Turn   | Place    | Note
--------------------------------------------------------------
     0 | D:1      | Duffy the Centaur Gladiator began the quest for the Orb.
     0 | D:1      | Reached XP level 1. HP: 17/17 MP: 1/1
    78 | D:1      | Reached skill level 3 in Axes
   377 | D:1      | Reached XP level 2. HP: 24/24 MP: 2/2
   810 | D:1      | Reached XP level 3. HP: 29/29 MP: 3/3
  1129 | D:2      | Reached skill level 4 in Axes
  1295 | D:2      | Noticed Terence
  1306 | D:2      | Killed Terence
  1306 | D:2      | Reached XP level 4. HP: 34/36 MP: 4/4
  1494 | D:2      | Noticed Ijyb
  1511 | D:2      | Killed Ijyb
  1511 | D:2      | Reached skill level 5 in Axes
  1757 | D:2      | Found a burning altar of Makhleb.
  1757 | D:2      | Found a shimmering altar of Xom.
  1953 | D:3      | Noticed Sigmund
  2054 | D:3      | Killed Sigmund
  2054 | D:3      | Reached skill level 6 in Axes
  2054 | D:3      | Reached XP level 5. HP: 29/41 MP: 5/5
  2054 | D:3      | Reached XP level 6. HP: 33/48 MP: 6/6
  2312 | D:3      | Found a shattered altar of Ashenzari.
  2390 | D:3      | Noticed Robin
  2413 | D:2      | Killed Robin
  2557 | D:3      | Reached skill level 7 in Axes
  3034 | D:4      | Reached XP level 7. HP: 36/55 MP: 7/7
  3190 | D:4      | Found a basalt altar of Yredelemnul.
  3223 | D:4      | Noticed Grinder
  3276 | D:4      | Paralysed by Grinder for 5 turns
  3532 | D:4      | Paralysed by Grinder for 4 turns
  3545 | D:4      | Killed Grinder
  3545 | D:4      | Reached skill level 8 in Axes
  3726 | D:4      | Found a staircase to the Ecumenical Temple.
  3735 | Temple   | Entered the Ecumenical Temple
  3792 | Temple   | Became a worshipper of Cheibriados the Contemplative
  4375 | D:4      | Found a shadowy altar of Dithmenos.
  4377 | D:4      | Found a radiant altar of Vehumet.
  4377 | D:4      | Found an oddly glowing altar of Pakellas.
  4379 | D:4      | Found a bloodstained altar of Trog.
  4380 | D:4      | Found a sparkling altar of Nemelex Xobeh.
  4382 | D:4      | Found a white marble altar of Elyvilon.
  4417 | D:5      | Entered Level 5 of the Dungeon
  4447 | D:5      | Noticed Blork the orc
  4465 | D:5      | Reached XP level 8. HP: 27/62 MP: 8/8
  4481 | D:4      | Reached skill level 3 in Fighting
  4693 | D:5      | Killed Blork the orc
  4853 | D:5      | Reached skill level 9 in Axes
  5013 | D:5      | Reached skill level 4 in Fighting
  5079 | D:5      | Noticed Edmund
  5251 | D:5      | Killed Edmund
  5530 | D:5      | Noticed Menkaure
  5539 | D:5      | Killed Menkaure
  5604 | D:5      | Reached skill level 5 in Fighting
  5925 | D:5      | Reached * piety under Cheibriados
  6010 | D:6      | Found Masygg's Book Shop.
  6363 | D:6      | Noticed Crazy Yiuf
  6367 | D:6      | Killed Crazy Yiuf
  6476 | D:6      | Found a white marble altar of Elyvilon.
  6509 | D:6      | Reached XP level 9. HP: 69/75 MP: 9/9
  6664 | D:6      | Reached skill level 6 in Fighting
  6664 | D:6      | Reached skill level 10 in Axes
  6771 | D:7      | Found an ancient bone altar of Kikubaaqudgha.
  6805 | D:7      | Noticed dvd's ghost (novice KoHu)
  7288 | D:7      | Reached ** piety under Cheibriados
  7401 | D:8      | Reached skill level 7 in Fighting
  8425 | D:8      | Found an opulent altar of Gozag.
  8560 | D:9      | Reached skill level 11 in Axes
  8565 | D:9      | Reached skill level 8 in Fighting
  8640 | D:9      | Found an oddly glowing altar of Pakellas.
  8640 | D:9      | Found Pakellas's Prime Provisions.
  8710 | D:9      | Reached *** piety under Cheibriados
  9116 | D:9      | Reached XP level 10. HP: 71/88 MP: 10/10
  9390 | D:9      | Noticed a three-headed hydra
  9394 | D:9      | Killed a one-headed hydra
  9394 | D:9      | Reached skill level 3 in Dodging
  9559 | D:9      | Reached **** piety under Cheibriados
  9562 | D:9      | Reached skill level 4 in Dodging
  9883 | D:9      | Reached skill level 12 in Axes
  9918 | D:9      | Got a scorched lajatang {drain}
  9919 | D:9      | Identified the +3 lajatang "Dyeschoi" {drain, MR++ MP-9 Int+4} (You took it off an orc on level 9 of the Dungeon)
 10294 | D:9      | Found a staircase to the Orcish Mines.
 10534 | D:9      | Noticed a hill giant
 10541 | D:9      | Killed a hill giant
 10541 | D:9      | Reached skill level 5 in Dodging
 10807 | D:10     | Entered Level 10 of the Dungeon
 10820 | D:10     | Mangled by a troll

Vault maps used:
D:1:      minmay_arrival_semitransparent
D:2:      gammafunk_temple_overflow_pools, uniq_iyjb, uniq_terence
D:3:      evilmike_ruin_ashenzari, first_bread, uniq_sigmund, uniq_robin
D:4:      black_bear_nest_2, minitemple, overflow_temple_1_default,
          minmay_temple_entry_junction, hangedman_abyss_or_decor_stagger,
          uniq_grinder
D:5:      uniq_menkaure, uniq_edmund, uniq_blork_the_orc
D:6:      basic_altar, serial_shops, shop_fountains, uniq_crazy_yiuf_cottage
D:7:      lemuel_zombie_altar_kikubaaqudgha, hangedman_decor_opposing
D:8:      nicolae_gozag_seed_capital
D:9:      minmay_klotski, erik_orc_2, hangedman_ranch, johnstein_pakellas_shop
D:10:     stair_cage_line, uniq_urug
Temple:   minmay_temple_bridge_d_8

Vanquished Creatures
  A hydra
  A hill giant Grinder
  A troll
  A two-headed ogre Sigmund
  A vampire
  2 yaks
  A hippogriff Menkaure Edmund
  A water moccasin
  An ice beast
  5 orc warriors
  A sky beast
  5 ogres
  A phantom
  A black bear
  3 centaurs
  5 big kobolds Blork the orc
  4 giant frogs
  3 scorpions
  A wyvern skeleton
  5 killer bees
  2 electric eels
  5 wights
  A crimson imp
  A giant frog zombie
  5 jellies
  2 centaur zombies Crazy Yiuf
  7 hounds
  9 orc wizards
  A centaur skeleton
  2 orc priests
  A giant frog skeleton Ijyb Terence
  3 iguanas
  9 worker ants
  2 sheep Robin
  11 adders
  2 adder zombies
  An adder skeleton
  3 worms
  2 dart slugs
  4 giant geckos
  39 orcs
  A bat zombie
  7 giant cockroaches
  15 goblins
  9 hobgoblins
  8 jackals
  20 kobolds
  7 quokkas
  2 ball pythons
  3 bats
  4 giant newts
  A jackal skeleton
  8 rats
  2 rat zombies
252 creatures vanquished.
